Match 42379733
Unlisted

Match 42379733
End
Engineer Squad
Construct Weapon Support Center
M1919 Machine Gun Team
Bazooka Squad
M1919 Machine Gun Team
M1919 Machine Gun Team
Selects Heavy Weapons
Selects M2HB .50cal Heavy Machine Gun
Construct Medical Station
Bazooka Squad
Improved M9 Bazooka Rockets
Construct Barracks
Infantry Support Center
Riflemen Squad
Grenade Package
Riflemen Squad
Selects Assault Carriers
Selects Exchangeable Parts
M3 Assault Carrier
Bazooka Squad
M3 Assault Carrier
seth_t
سَۨفُـيٰانۨوٰس
0
0

Comments sign in to comment!

No comments posted yet!